 Dungeon Crawl Stone Soup version 0.30-b1-2-g02819fbbbe (webtiles) character file.

Game seed: 10391074540740819571

1910 Arum the Blocker (level 9, 0/74 HPs)
             Began as a Formicid Fighter on May 13, 2023.
             Was an Initiate of Gozag.
             Slain by Joseph
             ... wielding a +0 quarterstaff
              (14 damage)
             ... on level 7 of the Dungeon.
             The game lasted 00:08:39 (6393 turns).

Arum the Blocker (Formicid Fighter)                 Turns: 6393, Time: 00:08:40

Health: 0/74       AC: 10    Str: 25    XL:     9   Next: 38%
Magic:  9/9        EV:  8    Int:  8    God:    Gozag
Gold:   741        SH:  6    Dex: 13    Spells: 8/8 levels left

rFire   . . .        a - +0 quarterstaff
rCold   + . .        c - +0 buckler
rNeg    . . .        e - +0 chain mail
rPois   .            (helmet unavailable)
rElec   .            u - +0 cloak
rCorr   .            (no gloves)
SInv    +            (no boots)
Will    .....        (no amulet) Stlth
                     b - ring of flight
HPRegen 0.32/turn    D - ring of protection from cold
MPRegen 0.11/turn

%: no passive effects
@: mighty, flying
A: permanent stasis, dig shafts and tunnels, antennae 3, four strong arms
a: Dig, Shaft Self, Renounce Religion, Potion Petition, Call Merchant, Bribe
Branch


You were on level 7 of the Dungeon.
You worshipped Gozag.
Gozag was pleased with you.
You visited 1 branch of the dungeon, and saw 7 of its levels.

You collected 956 gold pieces.
You spent 30 gold pieces at shops.
You paid 185 gold pieces to Gozag.

Inventory:

Hand Weapons
 a - a +0 quarterstaff (weapon)
 w - a +0 quarterstaff
Missiles
 x - a throwing net
Armour
 c - a +0 buckler (worn)
 e - a +0 chain mail (worn)
 u - a +0 cloak (worn)
Jewellery
 b - a ring of flight (left hand)
 n - a ring of magical power
 D - a ring of protection from cold (right hand)
Wands
 v - a wand of flame (8)
 B - a wand of mindburst (15)
 C - a wand of digging (5)
Scrolls
 h - 4 scrolls of teleportation {unknown}
 j - 11 scrolls of identify {unknown}
 k - a scroll of amnesia {unknown}
 l - 2 scrolls of immolation {unknown}
 q - a scroll of fog {unknown}
 s - a scroll of poison {unknown}
 t - 2 scrolls of noise {unknown}
 y - a scroll of silence {unknown}
 A - a scroll of torment {unknown}
Potions
 f - a potion of curing
 g - 3 potions of flight {unknown}
 i - a potion of magic {unknown}
 m - 2 potions of heal wounds {unknown}
 o - 2 potions of mutation {unknown}
 p - 2 potions of brilliance {unknown}
 r - a potion of haste {unknown}
 z - a potion of resistance {unknown}


   Skills:
 + Level 8.1 Fighting
 + Level 6.9 Staves
 + Level 4.5 Armour
 - Level 9.0 Shields


You had 8 spell levels left.
You didn't know any spells.
Your spell library contained the following spells:

 Spells                   Type           Power      Damage    Failure   Level
 Apportation              Tloc           0%         N/A       95%         1
 Necrotise                Necr           0%         1d4       95%         1
 Sandblast                Erth           0%         2d4       95%         1
 Summon Small Mammal      Summ           0%         N/A       95%         1
 Ensorcelled Hibernation  Hex/Ice        0%         N/A       98%         2
 Lesser Beckoning         Tloc           0%         N/A       98%         2
 Passwall                 Tmut/Erth      0%         N/A       98%         2
 Frozen Ramparts          Ice            0%         1d1       100%        3
 Gell's Gravitas          Tloc           0%         N/A       100%        3
 Stone Arrow              Conj/Erth      0%         3d7       100%        3
 Teleport Other           Tloc           0%         N/A       100%        3
 Ice Form                 Ice/Tmut       0%         N/A       100%        4
 Summon Ice Beast         Ice/Summ       0%         N/A       100%        4
 Alistair's Intoxication  Tmut/Pois      0%         N/A       100%        5
 Haunt                    Necr/Summ      0%         N/A       100%        7
 Infestation              Necr           0%         N/A       100%        8
 Swiftness                Air            Unusable   N/A       N/A         3
 Animate Dead             Necr           Unusable   N/A       N/A         4

Dungeon Overview and Level Annotations

Branches:
Dungeon (7/15)             Temple (0/1) D:5

Altars:
Gozag
Nemelex Xobeh
Sif Muna

Shops:
D:1 !   D:6 **

Annotations:
D:7 Joseph


Innate Abilities, Weirdness & Mutations

You cannot be hasted, slowed, berserked, paralysed or teleported.
You can dig through walls and to a lower floor.
You have a pair of large antennae on your head. (SInv)
Your four strong arms can wield two-handed weapons with a shield.


Message History

Joseph hits you but does no damage.
You hit Joseph.
Joseph is heavily wounded.
Joseph barely misses you.
You hit Joseph but do no damage.
Joseph is heavily wounded.
Joseph hits you with a +0 quarterstaff.
You hit Joseph.
Joseph is severely wounded.
Joseph zaps a wand.
You easily resist.
You hit Joseph.
Joseph is severely wounded.
Joseph says, "I'm happy to see you. And I'll be happy to kill you."
Joseph hits you with a +0 quarterstaff.
You closely miss Joseph.
Joseph is severely wounded.
Joseph hits you with a +0 quarterstaff!
* * * LOW HITPOINT WARNING * * *
You feel very mighty all of a sudden. You block Joseph's attack.
You barely miss Joseph.
Joseph is severely wounded.
Joseph zaps a wand.
Your stasis prevents you from being paralysed.
You thump Joseph!
Joseph is almost dead.
Joseph barely misses you.
You barely miss Joseph.
Joseph is almost dead.
Joseph hits you with a +0 quarterstaff.
* * * LOW HITPOINT WARNING * * *
You barely miss Joseph.
Joseph is almost dead.
Joseph hits you with a +0 quarterstaff.
* * * LOW HITPOINT WARNING * * *
You sock Joseph!
Joseph is almost dead.
Joseph hits you with a +0 quarterstaff!
You die...
Your body crumbles into a pile of gold.

........... ..........
.........$ ###
.......(.##..
...........# ..........#
$ ......@...#
.......@..# ..........##
...........#####.
....../..........
.................
..............##
..............##
...............##
?...............##.....#


You could see Joseph.

Vanquished Creatures
  2 hornets
  Eustachio (D:6)
  4 black bears
  An ice beast (D:6)
  2 ogres (D:6)
  3 scorpions
  A gnoll sergeant (D:6)
  A howler monkey (D:5)
  3 hounds
  3 jellies
  3 iguanas
  5 gnolls
  5 adders
  2 white imps (D:6)
  An ufetubus (D:4)
  4 worms
  5 dart slugs
  13 orcs
  9 endoplasms
  A giant cockroach (D:2)
  6 goblins
  5 hobgoblins
  4 jackals (D:2)
  7 quokkas
  4 ball pythons
  4 bats
  6 kobolds
  3 rats
108 creatures vanquished.

Vanquished Creatures (others)
  A plant (D:4)
1 creature vanquished.

Grand Total: 109 creatures vanquished

Notes
Turn   | Place    | Note
-------+----------+-------------------------------------------
     0 | D:1      | Arum the Formicid Fighter began the quest for the Orb.
     0 | D:1      | Reached XP level 1. HP: 18/18 MP: 1/1
   106 | D:1      | Reached XP level 2. HP: 18/24 MP: 2/2
   395 | D:1      | Found Xirhankuy's Distillery.
   416 | D:1      | Reached XP level 3. HP: 30/30 MP: 3/3
  1055 | D:2      | Reached XP level 4. HP: 37/37 MP: 4/4
  1590 | D:3      | Found an opulent altar of Gozag.
  1628 | D:3      | Became a worshipper of Gozag Ym Sagoz the Greedy
  1689 | D:3      | Found a sparkling altar of Nemelex Xobeh.
  1702 | D:3      | Reached skill level 5 in Shields
  2242 | D:3      | Reached XP level 5. HP: 39/42 MP: 5/5
  2590 | D:4      | Reached XP level 6. HP: 46/49 MP: 6/6
  2734 | D:4      | Noticed a black bear
  2743 | D:4      | Killed a black bear
  2744 | D:4      | Reached skill level 5 in Fighting
  2744 | D:4      | Reached skill level 6 in Shields
  3217 | D:4      | Found a shimmering blue altar of Sif Muna.
  3332 | D:5      | Entered Level 5 of the Dungeon
  3399 | D:5      | Found a staircase to the Ecumenical Temple.
  3570 | D:5      | Noticed a black bear
  3581 | D:5      | Killed a black bear
  3582 | D:5      | Reached XP level 7. HP: 45/56 MP: 7/7
  3793 | D:5      | Reached skill level 7 in Shields
  4157 | D:5      | Noticed a hornet
  4180 | D:5      | Killed a hornet
  4181 | D:5      | Reached skill level 5 in Staves
  4181 | D:5      | Reached XP level 8. HP: 27/65 MP: 8/8
  4522 | D:6      | Reached skill level 8 in Shields
  4885 | D:6      | Noticed a hornet
  4896 | D:6      | Killed a hornet
  5076 | D:6      | Reached XP level 9. HP: 48/72 MP: 9/9
  5290 | D:6      | Reached skill level 9 in Shields
  5400 | D:6      | Found Ocor's General Store.
  5481 | D:6      | Found Tymey's General Store.
  5500 | D:6      | Bought 2 potions of degeneration for 30 gold pieces
  5662 | D:6      | Noticed Eustachio
  5672 | D:6      | Killed Eustachio
  6354 | D:7      | Noticed Joseph
  6375 | D:7      | HP: 2/74 [Joseph/+0 quarterstaff (11)]
  6393 | D:7      | Slain by Joseph

Illustrated notes

Levels and vault maps discovered:
D:1:      psy_arrival_whirlpool, layout_basic, serial_shops,
          nicolae_shop_crystal, minmay_three_crescents
D:2:      layout_loops_cross
D:3:      layout_loops_ring, grunt_gozag_breadcrumbs,
          nemelex_xobeh_ov_fountains_minmay
D:4:      layout_loops_ring, led_sif_pool, serial_forest,
          infiniplex_forest_zigzag_1, infiniplex_forest_lined_2,
          infiniplex_forest_clump_long, infiniplex_forest_lined_room_,
          infiniplex_forest_lined_2, infiniplex_forest_clump_curved
D:5:      layout_layer_cave, minmay_temple_entry_butterflies
D:6:      layout_cave_pods, serial_shops, shop, shop, minmay_curled_crystal,
          uniq_eustachio
D:7:      layout_layer_cave, mainiacjoe_overflow_alcove_4,
          kennysheep_minor_cross, uniq_joseph

Skill      XL: |  1  2  3  4  5  6  7  8  9 |
---------------+----------------------------+-----
Fighting       | 4 5 6 7 8 |  8.1
Staves         | 3 4 5 6 |  6.9
Shields        | 5 6 7 8 9 |  9.0
Armour         | 4 |  4.5

Action                     |  1- 3 |  4- 6 |  7- 9 || total
---------------------------+-------+-------+-------++-------
  Melee: Quarterstaff      |    87 |   149 |   211 ||   447
 Invoke: Potion Petition   |       |       |     1 ||     1
  Evoke: Wand              |       |     6 |    10 ||    16
    Use: Potion            |       |       |     9 ||     9
   Stab: Paralysed         |       |     3 |       ||     3
 Armour: Scale mail        |     6 |       |       ||     6
         Chain mail        |    46 |    59 |    86 ||   191
  Dodge: Dodged            |    40 |    40 |    70 ||   150
  Block: Buckler           |    22 |    31 |    52 ||   105
